 Dungeon Crawl Stone Soup version 0.18.1-8-gdd0e5ea (webtiles) character file.

363733 Gagarin the Executioner (level 21, -8/303 HPs)
             Began as a Minotaur Fighter on June 1, 2016.
             Was the Champion of Okawaru.
             Mangled by an ettin
             ... wielding a +0 great mace
              (29 damage)
             ... on level 5 of the Vaults on June 2, 2016.
             The game lasted 03:32:47 (41736 turns).

Gagarin the Executioner (Minotaur Fighter)         Turns: 41736, Time: 03:32:47

Health: -8/303     AC: 36    Str: 37    XL:     21   Next: 54%
Magic:  30/30      EV: 17    Int:  8    God:    Okawaru [******]
Gold:   3028       SH: 23    Dex: 12    Spells: 0 memorised, 20 levels left

rFire  + + +     SeeInvis .     S - +7 war axe of Kicunn {venom, +Blink +Inv Str-2 Int-2}
rCold  + . .     Gourm    .     j - +10 plate armour of Dishonesty {rF+ Str+6 Stlth-}
rNeg   + + .     Faith    .     D - +5 shield {rN+}
rPois  +         Spirit   .     L - +0 hat of the Bulwark {rPois}
rElec  .         Dismiss  .     M - +2 cloak {MR+}
rCorr  .         Reflect  .     Y - +2 pair of gloves of Magic {rC+ Regen+}
SustAt .         Harm     .     h - +0 pair of boots of Integrity {-Cast Regen+ MP+9 Stlth+}
MR     ++...     NoCast   +     f - amulet of rage
Stlth  ..........               q - ring of Tulips {+Inv rF+ rN+ EV+3 Int+4}
                                B - ring of protection from fire

@: berserking (expiring), marked, very quick, very resistant to hostile
enchantments, extremely unstealthy
A: retaliatory headbutt, horns 2
a: Heroism, Finesse, Renounce Religion, Evoke Blink, Evoke Berserk Rage, Evoke
Invisibility
}: 2/15 runes: serpentine, barnacled


You were on level 5 of the Vaults.
You worshipped Okawaru.
Okawaru was exalted by your worship.
You were hungry.

You visited 8 branches of the dungeon, and saw 38 of its levels.
You visited the Abyss 1 time.
You also visited: Ossuary and Ice Cave.

You collected 4161 gold pieces.
You spent 1133 gold pieces at shops.

Inventory:

Hand Weapons
 c - a +2 demon blade of electrocution
 d - a +3 hand axe of freezing
 p - a +2 battleaxe of electrocution
 t - the +1 spear of Tension {speed, rElec rC+, unknown}
   (You found it on level 4 of the Vaults)

   Attacks with this weapon are significantly faster.
   It protects you from cold.
   It insulates you from electricity.
 u - a +5 mace of protection
 y - a +4 glaive of venom
 A - a +5 greatsling of evasion
 S - the +7 war axe of Kicunn (weapon) {venom, +Blink +Inv Str-2 Int-2}
   (You found it on level 7 of the Dungeon)

   It poisons the flesh of those it strikes.
   It affects your strength (-2).
   It affects your intelligence (-2).
   It lets you turn invisible.
   It lets you blink.
Missiles
 i - 14 tomahawks of returning (quivered)
 x - 112 sling bullets
Armour
 h - the +0 pair of boots of Integrity (worn) {-Cast Regen+ MP+9 Stlth+}
   (Okawaru gifted it to you on level 1 of the Shoals)

   It affects your magic capacity (+9).
   It prevents spellcasting.
   It increases your rate of regeneration.
   It makes you more stealthy.
 j - the +10 plate armour of Dishonesty (worn) {rF+ Str+6 Stlth-}
   (Okawaru gifted it to you on level 2 of the Vaults)

   It affects your strength (+6).
   It protects you from fire.
   It makes you less stealthy.
 D - a +5 shield of positive energy (worn)
 L - the +0 hat of the Bulwark (worn) {rPois}
   (Okawaru gifted it to you on level 3 of the Shoals)

   It protects you from poison.
 M - a +2 cloak of magic resistance (worn)
 Y - the +2 pair of gloves of Magic (worn) {rC+ Regen+}
   (Okawaru gifted it to you on level 8 of the Lair of Beasts)

   It protects you from cold.
   It increases your rate of regeneration.
Jewellery
 b - a +4 ring of dexterity
 f - an amulet of rage (around neck)
 q - the ring of Tulips (right hand) {+Inv rF+ rN+ EV+3 Int+4}
   (You acquired it on level 10 of the Dungeon)

   [ring of evasion]

   It affects your evasion (+3).
   It affects your intelligence (+4).
   It protects you from fire.
   It protects you from negative energy.
   It lets you turn invisible.
 B - a ring of protection from fire (left hand)
Wands
 z - a wand of lightning (3/15)
 E - a wand of digging (8/24)
 R - a wand of paralysis (16/24)
Scrolls
 g - 3 scrolls of blinking
 k - 7 scrolls of remove curse
 l - 2 scrolls of teleportation
 m - 3 scrolls of fog
 r - 20 scrolls of identify
 v - 2 scrolls of fear
 w - a scroll of amnesia
 J - 5 scrolls of magic mapping
 U - a scroll of holy word
Potions
 e - 22 potions of curing
 n - 4 potions of berserk rage
 o - 2 potions of resistance
 s - 7 potions of lignification
 H - a potion of brilliance
 I - a potion of invisibility
 O - 3 potions of agility
 P - 2 potions of haste
 W - a potion of cancellation
 Z - a potion of magic
Miscellaneous
 G - a box of beasts {used: 1}
Comestibles
 a - 31 fruits
 C - 23 chunks of flesh


   Skills:
 + Level 20.3 Fighting
 + Level 24.7 Axes
 + Level 2.9 Slings
 + Level 16.0 Armour
 + Level 11.6 Dodging
 + Level 4.0 Stealth
 + Level 22.6 Shields
 + Level 1.8 Invocations
 + Level 1.9 Evocations


You had 20 spell levels left.
You didn't know any spells.

Dungeon Overview and Level Annotations

Branches:
Dungeon (13/15)            Temple (1/1) D:5            Lair (8/8) D:8
 Shoals (4/4) Lair:6        Snake (4/4) Lair:6        Slime (0/6) Lair:6
    Orc (2/2) D:12            Elf (1/3) Orc:2        Vaults (5/5) D:13
  Crypt (0/3) Vaults:3

Altars:
Ashenzari
Cheibriados
Dithmenos
Elyvilon
Fedhas
Gozag
Kikubaaqudgha
Makhleb
Nemelex Xobeh
Okawaru
Pakellas
Qazlal
Ru
Sif Muna
Trog
Vehumet
Yredelemnul
Zin
The Shining One
Beogh

Shops:
D:10 ?   Orc:2 *!?(   Elf:1 !   Shoals:3 ?   Snake:2 [   Vaults:2 }

Annotations:
Vaults:2 exclusion: orange crystal statue


Innate Abilities, Weirdness & Mutations

You reflexively headbutt those who attack you in melee.
You have a pair of horns on your head.


Message History

You block the ironbrand convoker's attack.
A swamp dragon, a yaktaur captain and a fire giant come into view.
You slash the ettin! You headbutt the ettin!
The ettin is almost dead.
You slice the deep elf mage!!
The deep elf mage is poisoned.
The deep elf mage is almost dead.
You slice the yaktaur captain!!
You kill the yaktaur captain!
Okawaru accepts your kill.
You hit the stone giant.
The stone giant is almost dead.
You slice the ironbrand convoker!!
The ironbrand convoker is almost dead.
You kill the stone giant!
Okawaru accepts your kill.
The swamp dragon changes into a glowing shapeshifter!
The deep elf demonologist casts a spell.
The deep elf mage mumbles some strange words.
The deep elf mage blinks!
The ettin hits you with a great mace!!
You die...

#....# #... #....# #...
#....### ###... #......#
#.....
#......###########.....
#........p...c.........
#..).)*Qe.3≈..........
#.p()(pc≈≈C.C.........
......##§@C{e(≈........##.
...... ##################.
..... #####. ....e .......
.... ....... .... .......
....... ####### .


You could see an ironheart preserver, a fire giant, a stone giant, a tengu
reaver, 2 yaktaur captains, an ettin, a glowing shapeshifter, a sun demon, a
deep elf demonologist, an ironbrand convoker, a deep elf mage and a
battlesphere.

Vanquished Creatures
  Mara (Vaults:4)
  Sojobo (Vaults:4)
  Boris (Vaults:4)
  Vashnia (Snake:3)
  A golden dragon (Vaults:5)
  Jorgrun (Vaults:3)
  A tentacled monstrosity (Vaults:4)
  A quicksilver dragon (Vaults:5)
  A titan (Vaults:5)
  Polyphemus (Shoals:3)
  A sphinx (shapeshifter) (Vaults:4)
  Kirke (D:13)
  Ilsuiw (Shoals:4)
  7 greater nagas
  3 tengu reavers
  Donald (Snake:4)
  A fire giant (Vaults:4)
  2 deep elf sorcerers (Vaults:5)
  4 frost giants
  Aizul (Snake:1)
  10 vault wardens
  A deep elf elementalist (Vaults:5)
  8 stone giants
  10 ironheart preservers
  3 war gargoyles
  A vampire knight (Vaults:3)
  3 salamander stormcallers
  3 deep elf demonologists
  The ghost of juanjsm the Imperceptible, a journeyman SpEn of Ashenzari (Shoals:1)
  An eidolon (Vaults:3)
  Snorg (D:12)
  2 ettins
  4 merfolk javelineers
  33 vault guards
  A deep elf death mage (Vaults:5)
  2 deep elf high priests (Vaults:5)
  A great orb of eyes (Vaults:2)
  2 fire dragons (Vaults:2)
  10 merfolk impalers
  11 ogre magi
  A rakshasa (Vaults:1)
  15 naga warriors
  7 yaktaur captains
  2 merfolk avatars (Shoals:4)
  A catoblepas (Shoals:3)
  8 hydras
  An alligator snapping turtle (Shoals:3)
  5 centaur warriors
  14 anacondas
  7 merfolk aquamancers
  2 satyrs (Shoals:4)
  A tengu warrior (D:13)
  A deep troll earth mage (Vaults:2)
  4 orc high priests (Orc:2)
  8 death yaks
  6 shock serpents
  7 deep elf knights
  22 naga sharpshooters
  2 salamander mystics (Vaults:2)
  4 unseen horrors
  2 fire crabs
  12 sea snakes
  A storm dragon skeleton (Vaults:4)
  A giant orange brain (Vaults:1)
  A deep troll (shapeshifter) (Vaults:3)
  An unseen horror (shapeshifter) (Vaults:1)
  A flayed ghost (Vaults:3)
  4 deep trolls
  8 deep elf archers
  A giant orange brain (shapeshifter) (Vaults:3)
  10 naga ritualists
  2 phantasmal warriors
  3 hill giants
  20 harpies
  Pikel (D:6)
  17 orc knights
  A wolf spider (Vaults:2)
  18 mana vipers
  3 necromancers
  14 ironbrand convokers
  11 griffons
  28 deep elf magi
  9 orc sorcerers
  28 ugly things
  3 cyclopes
  A faun (shapeshifter) (Vaults:3)
  3 hornets
  13 salamanders
  A wolf spider (shapeshifter) (Vaults:5)
  A hornet (shapeshifter) (Vaults:4)
  8 manticores
  2 salamanders (shapeshifter)
  10 sirens
  38 black mambas
  11 water nymphs
  35 elephants
  5 guardian serpents
  Maurice (Orc:1)
  29 naga magi
  A gargoyle (D:13)
  11 vault sentinels
  3 rime drakes
  The ghost of Gagarin the Poker, a novice MfSk (D:5)
  2 ice statues (IceCv)
  13 spiny frogs
  25 yaktaurs
  8 komodo dragons
  2 freezing wraiths
  5 ice devils (IceCv)
  A tengu conjurer (D:13)
  A yaktaur skeleton (Vaults:4)
  2 spriggan druids (Lair:8)
  8 trolls
  A polar bear (shapeshifter) (Vaults:3)
  40 merfolk
  16 two-headed ogres
  4 polar bears
  2 wind drakes
  A jumping spider (Vaults:4)
  A slime creature (Lair:6)
  13 blink frogs
  6 snapping turtles
  7 boulder beetles
  A hornet zombie (D:13)
  3 wraiths
  7 redbacks
  Sigmund (D:3)
  5 centaur simulacra
  7 water elementals
  An air elemental (Elf:1)
  41 yaks
  Eustachio (D:6)
  A hog (shapeshifter) (Vaults:1)
  12 spriggans (Lair:8)
  3 basilisks
  2 wyverns
  3 hungry ghosts
  A warg (shapeshifter) (Vaults:1)
  11 hippogriffs
  18 vampire mosquitoes
  The ghost of daning the Charmwright, an amateur HESk (D:4)
  A mottled dragon (D:13)
  6 wargs
  59 nagas
  4 swamp worms (Lair:3)
  12 water moccasins
  13 porcupines
  45 orc warriors
  A swamp drake (D:8)
  15 ice beasts
  2 phantoms
  Duvessa (D:6)
  A sky beast (D:13)
  3 wasps (Lair:8)
  4 black bears
  44 ogres
  2 boggarts (Vaults:1)
  37 wolves
  A human skeleton (Vaults:4)
  22 centaurs
  3 big kobolds (D:8)
  22 crocodiles
  A human zombie (Vaults:4)
  21 giant frogs
  An earth elemental (Elf:1)
  A water moccasin zombie (D:11)
  A gnoll sergeant (D:6)
  Dowan (D:6)
  3 scorpions
  4 killer bees
  5 wights (D:6)
  An electric eel (D:13)
  4 howler monkeys
  7 crimson imps
  2 giant frog zombies
  2 centaur zombies (Ossuary)
  3 hounds
  3 draconian simulacra (IceCv)
  A gnoll shaman (D:5)
  6 jellies
  A wyvern simulacrum (D:13)
  Crazy Yiuf (D:3)
  3 centaur skeletons
  4 giant frog skeletons
  38 orc priests
  Terence (D:3)
  37 orc wizards
  14 iguanas
  A hell rat (D:7)
  Ijyb (D:3)
  3 troll simulacra (IceCv)
  5 worker ants
  2 killer bee zombies
  28 sheep
  A giant frog simulacrum (D:13)
  A hound zombie (D:5)
  5 mummies (Ossuary)
  2 worker ant zombies
  Robin (D:3)
  11 gnolls
  20 adders
  A naga simulacrum (IceCv)
  An ogre simulacrum (IceCv)
  48 river rats
  2 shadow imps
  4 white imps (D:13)
  An adder zombie (D:8)
  3 adder skeletons
  14 worms
  4 dart slugs
  13 giant geckos
  114 orcs
  9 giant cockroaches
  13 goblins
  11 hobgoblins
  15 jackals
  4 quokkas
  4 ball pythons
  4 bats
  A giant cockroach zombie (D:5)
  A giant newt (D:5)
  2 goblin zombies (Ossuary)
  2 hobgoblin zombies (Ossuary)
  3 kobolds
  A kobold zombie (Ossuary)
  An orc zombie (Ossuary)
  A quokka skeleton (D:5)
  31 rats
  15 fungi
  14 plants
  A tentacle (Shoals:1)
  2 tentacle segments (Shoals:1)
1794 creatures vanquished.

Vanquished Creatures (others)
  A war gargoyle (Vaults:5)
  A wolf spider (Vaults:1)
  A deep elf mage (Elf:1)
  A water nymph (shapeshifter) (Vaults:5)
  A human (D:13)
  An ogre (Vaults:3)
  2 boggarts (Vaults:1)
  A centaur (D:13)
  A giant frog (D:13)
  A wyvern skeleton (D:6)
  A white imp (D:13)
  A worm (D:6)
  An orc (Vaults:1)
  6 fungi
  18 plants
  15 tentacles (Shoals:1)
  629 tentacle segments (Shoals:1)
682 creatures vanquished.

Grand Total: 2476 creatures vanquished

Notes
Turn   | Place    | Note
--------------------------------------------------------------
     0 | D:1      | Gagarin the Minotaur Fighter began the quest for the Orb.
     0 | D:1      | Reached XP level 1. HP: 19/19 MP: 0/0
    60 | D:1      | Reached XP level 2. HP: 23/27 MP: 1/1
   212 | D:1      | Reached XP level 3. HP: 29/33 MP: 2/2
   698 | D:2      | Found an iron altar of Okawaru.
   707 | D:2      | Became a worshipper of Warmaster Okawaru
   732 | D:2      | Reached skill level 1 in Dodging
   757 | D:2      | Found an ancient bone altar of Kikubaaqudgha.
  1031 | D:2      | Reached XP level 4. HP: 40/40 MP: 3/3
  1200 | D:3      | Noticed Ijyb
  1216 | D:3      | Killed Ijyb
  1216 | D:3      | Reached skill level 3 in Axes
  1222 | D:3      | Noticed Terence
  1227 | D:3      | Killed Terence
  1406 | D:3      | Reached XP level 5. HP: 45/47 MP: 4/4
  1423 | D:3      | Noticed Sigmund
  1775 | D:3      | Noticed Robin
  1796 | D:3      | Killed Robin
  1796 | D:3      | Reached skill level 5 in Shields
  1938 | D:3      | Reached skill level 5 in Armour
  2021 | D:3      | Killed Sigmund
  2021 | D:3      | Reached * piety under Okawaru
  2021 | D:3      | Reached skill level 4 in Axes
  2021 | D:3      | Reached XP level 6. HP: 43/53 MP: 5/5
  2079 | D:3      | Noticed Crazy Yiuf
  2165 | D:3      | Killed Crazy Yiuf
  2407 | D:4      | Found Rujovan's Gadget Boutique.
  2540 | D:4      | Reached skill level 5 in Fighting
  2646 | D:4      | Reached XP level 7. HP: 61/61 MP: 6/6
  2753 | D:4      | Noticed daning's ghost (amateur HESk)
  2792 | D:4      | Killed daning's ghost
  2931 | D:5      | Entered Level 5 of the Dungeon
  3014 | D:5      | Noticed Gagarin's ghost (novice MfSk)
  3023 | D:5      | Reached ** piety under Okawaru
  3072 | D:5      | Reached XP level 8. HP: 37/70 MP: 7/7
  3319 | D:5      | Reached skill level 5 in Axes
  3526 | D:5      | Found a glowing silver altar of Zin.
  3565 | D:5      | Killed Gagarin's ghost
  3633 | D:5      | Reached *** piety under Okawaru
  3702 | D:5      | Found a shattered altar of Ashenzari.
  3717 | D:5      | Found a staircase to the Ecumenical Temple.
  3724 | Temple   | Entered the Ecumenical Temple
  4037 | D:6      | Noticed Dowan
  4050 | D:6      | Killed Dowan
  4059 | D:6      | Noticed Duvessa
  4070 | D:6      | Reached skill level 6 in Axes
  4072 | D:6      | Noticed Pikel
  4080 | D:6      | Killed Duvessa
  4094 | D:6      | Killed Pikel
  4094 | D:6      | Reached skill level 5 in Dodging
  4094 | D:6      | Reached skill level 1 in Invocations
  4094 | D:6      | Reached XP level 9. HP: 31/79 MP: 5/8
  4143 | D:6      | Noticed Eustachio
  4155 | D:6      | Found a sand-covered staircase.
  4159 | Ossuary  | Entered an ossuary
  4585 | D:6      | Killed Eustachio
  4585 | D:6      | Reached skill level 7 in Axes
  4585 | D:6      | Reached skill level 1 in Stealth
  4694 | D:6      | Reached **** piety under Okawaru
  4832 | D:6      | Found a stormy altar of Qazlal.
  4832 | D:6      | Found a bloodstained altar of Trog.
  4987 | D:6      | Found an oddly glowing altar of Pakellas.
  5913 | D:7      | Got a dazzling war axe
  5951 | D:7      | Identified the +7 war axe of Kicunn {venom, +Blink +Inv Str-2 Int-2} (You found it on level 7 of the Dungeon)
  6560 | D:8      | Reached XP level 10. HP: 90/90 MP: 9/9
  6587 | D:8      | Reached skill level 8 in Axes
  6922 | D:8      | Found a staircase to the Lair.
  7364 | D:8      | Reached ***** piety under Okawaru
  7401 | D:8      | Noticed a two-headed hydra
  7411 | D:8      | Killed a three-headed hydra
  7411 | D:8      | Reached skill level 9 in Axes
  7642 | Lair:1   | Entered Level 1 of the Lair of Beasts
  7642 | Lair:1   | Noticed an elephant
  7642 | Lair:1   | Noticed an elephant
  7642 | Lair:1   | Noticed an elephant
  7654 | Lair:1   | Killed an elephant
  7655 | Lair:1   | Killed an elephant
  7656 | Lair:1   | Killed an elephant
  7850 | Lair:1   | Received a gift from Okawaru
  7886 | Lair:2   | Noticed a spiny frog
  7891 | Lair:2   | Reached skill level 10 in Shields
  7897 | Lair:2   | Reached XP level 11. HP: 57/99 MP: 7/10
  8025 | Lair:1   | Reached skill level 10 in Axes
  8191 | Lair:1   | Noticed a five-headed hydra
  8209 | Lair:1   | Killed a five-headed hydra
  8299 | Lair:1   | Reached skill level 10 in Fighting
  8981 | Lair:2   | Noticed a four-headed hydra
  8996 | Lair:2   | Reached skill level 10 in Armour
  9001 | Lair:2   | Killed a four-headed hydra
  9263 | Lair:2   | Noticed a seven-headed hydra
  9277 | Lair:2   | Killed a seven-headed hydra
  9306 | Lair:2   | Reached skill level 11 in Axes
  9309 | Lair:2   | Received a gift from Okawaru
  9315 | Lair:2   | Reached XP level 12. HP: 52/110 MP: 12/12
 10037 | Lair:3   | Reached skill level 12 in Axes
 10234 | Lair:3   | Reached ****** piety under Okawaru
 10739 | Lair:3   | Received a gift from Okawaru
 10911 | Lair:4   | Received a gift from Okawaru
 10912 | Lair:4   | Got a scorched longbow {god gift}
 11112 | Lair:4   | Found a blossoming altar of Fedhas.
 12182 | Lair:5   | Noticed a four-headed hydra
 12204 | Lair:5   | Killed a four-headed hydra
 12204 | Lair:5   | Reached skill level 10 in Dodging
 12331 | Lair:2   | Identified the +9 longbow of the Pit {venom, rElec Str+3} (Okawaru gifted it to you on level 4 of the Lair of Beasts)
 12350 | Lair:2   | Identified 2 scrolls of acquirement
 12351 | Lair:2   | Got a scorched plate armour
 12364 | Lair:2   | Identified the +9 plate armour "Gorphyes" {+Inv rElec rC- Dex+7} (You acquired it on level 2 of the Lair of Beasts)
 12699 | Lair:5   | Reached XP level 13. HP: 118/118 MP: 13/13
 13043 | Lair:6   | Reached skill level 13 in Axes
 13209 | Lair:6   | Received a gift from Okawaru
 13210 | Lair:6   | Got a twisted hunting sling {god gift}
 13219 | Lair:6   | Identified the +3 hunting sling of Pain and Death {freeze, rPois SInv} (Okawaru gifted it to you on level 6 of the Lair of Beasts)
 13235 | Lair:6   | Found a staircase to the Shoals.
 13370 | Lair:6   | Found a staircase to the Snake Pit.
 13607 | Lair:6   | Received a gift from Okawaru
 13608 | Lair:6   | Got a steaming hand axe {god gift}
 13609 | Lair:6   | Identified the +1 hand axe "Geby" {freeze, +Blink rF++ Int+3 Dex-3} (Okawaru gifted it to you on level 6 of the Lair of Beasts)
 13712 | Lair:6   | Found a staircase to the Slime Pits.
 14057 | Lair:7   | Received a gift from Okawaru
 14057 | Lair:7   | Reached skill level 14 in Axes
 14658 | Lair:7   | You fall through a shaft!
 14658 | Lair:8   | Entered Level 8 of the Lair of Beasts
 15144 | Lair:8   | Reached XP level 14. HP: 121/129 MP: 14/14
 15490 | Lair:8   | Reached skill level 15 in Axes
 15534 | Lair:8   | Received a gift from Okawaru
 15535 | Lair:8   | Got a pair of jewelled gloves {god gift}
 15563 | Lair:8   | Identified the +2 pair of gloves of Magic {rC+ Regen+} (Okawaru gifted it to you on level 8 of the Lair of Beasts)
 16688 | Shoals:1 | Entered Level 1 of the Shoals
 16701 | Shoals:1 | Reached skill level 15 in Shields
 16795 | Shoals:1 | Noticed juanjsm's ghost (journeyman SpEn)
 16842 | Shoals:1 | Killed juanjsm's ghost
 16849 | Shoals:1 | Noticed a kraken
 17599 | D:10     | Entered Level 10 of the Dungeon
 17690 | D:10     | Found Huoruwk's Magic Scroll Shop.
 17703 | D:10     | Bought a scroll of acquirement for 572 gold pieces
 18063 | D:10     | Got a clouded silver ring
 18065 | D:10     | Identified the ring of Tulips {+Inv rF+ rN+ EV+3 Int+4} (You acquired it on level 10 of the Dungeon)
 18156 | D:11     | Found Uraj's Magic Scroll Shop.
 18205 | D:11     | Got a pitted ring mail
 18206 | D:11     | Identified the +2 ring mail of the Slug {rF- Str+5} (You found it on level 11 of the Dungeon)
 19128 | D:12     | Noticed Snorg
 19135 | D:12     | Killed Snorg
 19178 | D:12     | Reached skill level 16 in Axes
 19274 | D:12     | Found a blossoming altar of Fedhas.
 19427 | D:12     | Found a staircase to the Orcish Mines.
 19432 | Orc:1    | Entered Level 1 of the Orcish Mines
 19705 | Orc:1    | Noticed Maurice
 19712 | Orc:1    | Killed Maurice
 19831 | Orc:1    | Found a roughly hewn altar of Beogh.
 19870 | Orc:1    | You fall through a shaft!
 19870 | Orc:2    | Entered Level 2 of the Orcish Mines
 19915 | Orc:2    | Found Nurgha's Distillery.
 19915 | Orc:2    | Found Teqyim's Antique Weapon Shop.
 19915 | Orc:2    | Found Lysioppi's Magic Scroll Shop.
 19940 | Orc:2    | Received a gift from Okawaru
 19959 | Orc:2    | Found Kirercho's General Store.
 19970 | Orc:2    | Found a staircase to the Elven Halls.
 20242 | Orc:2    | Bought a potion of heal wounds for 55 gold pieces
 20248 | Orc:2    | Bought a scroll of fog for 26 gold pieces
 21109 | Orc:2    | Reached XP level 15. HP: 128/139 MP: 15/15
 22174 | Shoals:2 | Got a diamond-encrusted ring mail
 22175 | Shoals:2 | Identified the cursed +0 ring mail of Virizxer {+Inv} (You found it on level 2 of the Shoals)
 22795 | Shoals:1 | Received a gift from Okawaru
 22796 | Shoals:1 | Got a pair of slimy boots {god gift}
 22802 | Shoals:1 | Identified the +0 pair of boots of Integrity {-Cast Regen+ MP+9 Stlth+} (Okawaru gifted it to you on level 1 of the Shoals)
 23102 | Shoals:1 | Reached skill level 1 in Slings
 23683 | Shoals:3 | Noticed Polyphemus
 23699 | Shoals:3 | Reached skill level 17 in Axes
 23795 | Shoals:2 | Reached skill level 15 in Fighting
 23860 | Shoals:3 | Killed Polyphemus
 24299 | Shoals:3 | Received a gift from Okawaru
 24300 | Shoals:3 | Got a spiked hat {god gift}
 24306 | Shoals:3 | Identified the +0 hat of the Bulwark {rPois} (Okawaru gifted it to you on level 3 of the Shoals)
 24389 | Shoals:3 | Found Munucwye's Magic Scroll Shoppe.
 24411 | Shoals:3 | Bought a scroll of enchant armour for 82 gold pieces
 24411 | Shoals:3 | Bought a scroll of silence for 82 gold pieces
 24411 | Shoals:3 | Bought a scroll of identify for 22 gold pieces
 24411 | Shoals:3 | Bought a scroll of identify for 22 gold pieces
 24411 | Shoals:3 | Bought a scroll of blinking for 82 gold pieces
 24411 | Shoals:3 | Bought a scroll of identify for 22 gold pieces
 24663 | Shoals:4 | Entered Level 4 of the Shoals
 24736 | Shoals:4 | Reached XP level 16. HP: 132/149 MP: 16/16
 24822 | Shoals:4 | Got a scorched plate armour
 24833 | Shoals:4 | Identified the +7 plate armour of Disguise {rF+++ Regen+ Str+2 Int-4} (You found it on level 4 of the Shoals)
 24855 | Shoals:4 | Noticed Ilsuiw
 24939 | Shoals:4 | Reached skill level 18 in Axes
 24960 | Shoals:4 | Killed Ilsuiw
 25212 | Shoals:4 | Received a gift from Okawaru
 25213 | Shoals:4 | Got a jewelled battleaxe {god gift}
 25460 | Shoals:3 | Identified the +1 battleaxe "Lonish" {elec, MR++ Dex+5 SInv} (Okawaru gifted it to you on level 4 of the Shoals)
 25668 | Shoals:4 | Received a gift from Okawaru
 25670 | Shoals:4 | Got an iridescent war axe {god gift}
 25732 | Shoals:4 | Identified the +5 war axe "Undertaker" {drain, +Inv MP+9} (Okawaru gifted it to you on level 4 of the Shoals)
 26030 | Shoals:4 | Got a barnacled rune of Zot
 26229 | Snake:1  | Entered Level 1 of the Snake Pit
 26460 | Snake:1  | Noticed Aizul
 26481 | Snake:1  | Killed Aizul
 26886 | Snake:1  | You fall through a shaft!
 27592 | Snake:2  | Received a gift from Okawaru
 27592 | Snake:2  | Reached skill level 19 in Axes
 27755 | Snake:2  | Reached XP level 17. HP: 158/158 MP: 17/17
 28042 | Snake:2  | Got a dazzling large shield
 28053 | Snake:2  | Identified the cursed +0 large shield of the Lost Path {-Tele rN+++ Regen+} (You found it on level 2 of the Snake Pit)
 28148 | Snake:2  | Found Foupucw's Antique Armour Emporium.
 28230 | Snake:2  | Received a gift from Okawaru
 28231 | Snake:2  | Got an encrusted hat {god gift}
 28242 | Snake:2  | Identified the +0 hat of the Wild Haggis {+Blink rN+ rCorr Str+4} (Okawaru gifted it to you on level 2 of the Snake Pit)
 29082 | Snake:3  | Noticed Vashnia
 29106 | Snake:3  | Killed Vashnia
 29358 | Snake:3  | Found a shattered altar of Ashenzari.
 29542 | Snake:4  | Entered Level 4 of the Snake Pit
 29643 | Snake:4  | Reached skill level 20 in Axes
 30003 | Snake:3  | Received a gift from Okawaru
 30211 | Snake:4  | Reached XP level 18. HP: 170/170 MP: 18/18
 30274 | Snake:4  | Received a gift from Okawaru
 30407 | Snake:4  | Received a gift from Okawaru
 30730 | Snake:4  | Noticed Donald
 30751 | Snake:4  | Killed Donald
 30850 | Snake:4  | Got a serpentine rune of Zot
 31379 | D:13     | Received a gift from Okawaru
 31503 | D:13     | Found a frozen archway.
 31529 | IceCv    | Entered an ice cave
 31839 | IceCv    | Got a transparent halberd
 32054 | D:13     | Noticed Kirke
 32062 | D:13     | Killed Kirke
 32146 | D:13     | Reached skill level 1 in Evocations
 32204 | D:13     | Found a gate to the Vaults.
 32221 | D:13     | Reached skill level 21 in Axes
 32553 | D:13     | Reached skill level 15 in Armour
 33051 | Vaults:1 | Entered Level 1 of the Vaults
 33295 | Vaults:1 | Received a gift from Okawaru
 33510 | Vaults:1 | Cast into level 3 of the Abyss (a deep elf demonologist)
 33519 | Vaults:1 | Escaped the Abyss
 33844 | Vaults:1 | Reached XP level 19. HP: 175/179 MP: 19/19
 33862 | Vaults:1 | Paralysed by an orc sorcerer for 6 turns
 34709 | Elf:1    | Entered Level 1 of the Elven Halls
 34784 | Elf:1    | Found Gaivafay's Distillery.
 34798 | Elf:1    | Bought a potion of curing for 42 gold pieces
 34798 | Elf:1    | Bought a potion of curing for 42 gold pieces
 34798 | Elf:1    | Bought 2 potions of curing for 84 gold pieces
 35415 | Lair:2   | Identified the +6 halberd of the Living Dead {chop, +Rage rC+ Str+3 Int+2} (You found it in an ice cave)
 35808 | Vaults:2 | Reached skill level 22 in Axes
 35870 | Vaults:2 | Found Gaxkamy's Gadget Shop.
 36101 | Vaults:2 | Received a gift from Okawaru
 36103 | Vaults:2 | Got a heavily runed plate armour {god gift}
 36139 | Vaults:2 | Identified the +10 plate armour of Dishonesty {rF+ Str+6 Stlth-} (Okawaru gifted it to you on level 2 of the Vaults)
 37242 | Vaults:3 | Noticed Jorgrun
 37256 | Vaults:3 | Killed Jorgrun
 37360 | Vaults:3 | Received a gift from Okawaru
 37516 | Vaults:3 | Reached XP level 20. HP: 191/191 MP: 20/20
 37915 | Vaults:3 | Reached skill level 23 in Axes
 37947 | Vaults:3 | Found a staircase to the Crypt.
 38646 | Vaults:4 | Noticed Boris
 38681 | Vaults:4 | Killed Boris
 38681 | Vaults:4 | Received a gift from Okawaru
 40155 | Vaults:4 | Noticed Mara
 40190 | Vaults:4 | Noticed Gagarin's illusion
 40344 | Vaults:4 | Noticed Gagarin's illusion
 40345 | Vaults:4 | Killed Mara
 40663 | Vaults:4 | Noticed Sojobo
 40682 | Vaults:4 | Killed Sojobo
 40702 | Vaults:4 | Reached skill level 24 in Axes
 41102 | Vaults:4 | Got a shimmering spear
 41184 | Vaults:5 | Entered Level 5 of the Vaults
 41224 | Vaults:4 | Received a gift from Okawaru
 41371 | Vaults:4 | Reached XP level 21. HP: 135/200 MP: 21/21
 41649 | Vaults:5 | Noticed a golden dragon
 41662 | Vaults:5 | Killed a golden dragon
 41662 | Vaults:5 | Received a gift from Okawaru
 41736 | Vaults:5 | Mangled by an ettin

Skill      XL: |  1  2  3  4  5  6  7  8  9 10 11 12 13 14 15 16 17 18 19 20 21 |
---------------+----------------------------------------------------------------+-----
Fighting       | 4 5 7 8 9 11 12 13 14 15 16 17 18 19 20 | 20.3
Armour         | 4 5 6 7 8 9 10 11 12 13 14 15 16 | 16.0
Shields        | 4 5 6 7 8 9 10 11 12 14 15 16 18 19 20 21 22 | 22.6
Dodging        | 1 2 3 5 6 7 9 10 11 | 11.6
Axes           | 3 4 6 7 9 11 12 14 16 17 19 20 21 22 24 | 24.7
Invocations    | 1 |  1.8
Stealth        | 1 2 3 4 |  4.0
Slings         | 2 |  2.9
Evocations     | 1 |  1.9

Action                   |  1- 3 |  4- 6 |  7- 9 | 10-12 | 13-15 | 16-18 | 19-21 || total
-------------------------+-------+-------+-------+-------+-------+-------+-------++-------
Melee: War axe           |    93 |   153 |   342 |   451 |  1416 |  1576 |  1237 ||  5268
       Headbutt          |    10 |    22 |    91 |   104 |   419 |   397 |   388 ||  1431
       Battleaxe         |       |       |   110 |       |       |   141 |       ||   251
       Mace              |       |       |       |    44 |    17 |       |       ||    61
       Hand axe          |       |       |       |       |     4 |       |       ||     4
       Unarmed           |       |       |       |       |       |     1 |       ||     1
 Fire: Greatsling        |       |       |       |       |    33 |    18 |       ||    51
Invok: Heroism           |       |       |     4 |     5 |     3 |       |       ||    12
 Abil: Evoke Blink       |       |       |       |     1 |       |     1 |       ||     2
       Evoke Berserk Rag |       |       |       |       |       |     3 |     6 ||     9
Evoke: Wand              |       |       |     1 |       |     4 |    11 |     1 ||    17
       Box of beasts     |       |       |       |       |       |       |     1 ||     1
  Use: Potion            |       |     1 |     2 |     2 |     8 |     8 |     2 ||    23
       Scroll            |       |     3 |     9 |     6 |    21 |     5 |     7 ||    51
 Stab: Paralysed         |       |       |       |       |     3 |     1 |       ||     4
       Petrified         |       |       |       |       |     8 |       |       ||     8
       Petrifying        |       |       |       |       |     3 |       |       ||     3
       Distracted        |       |       |       |       |     1 |       |     3 ||     4
  Eat: Chunk             |     1 |     5 |    14 |    19 |    40 |    23 |    20 ||   122
       Beef jerky        |       |       |       |     1 |       |       |       ||     1
       Pizza             |       |       |       |       |     1 |     1 |       ||     2
       Meat ration       |       |       |       |       |       |     1 |     2 ||     3
       Bread ration      |       |       |       |       |       |     1 |       ||     1
Armor: Scale mail        |    46 |    69 |   172 |   192 |       |       |       ||   479
       Plate armour      |       |       |       |     8 |   540 |   635 |   339 ||  1522
Dodge: Dodged            |    27 |    48 |   225 |   246 |   560 |   626 |   345 ||  2077
Block: Shield            |    42 |   101 |   206 |   419 |  1033 |  1218 |   979 ||  3998
       Large shield      |       |       |       |       |       |    60 |       ||    60
